 Dungeon Crawl Stone Soup version 0.22.1-5-g62c59d9 (webtiles) character file.

3381 toffzen the Covert (level 10, -6/96 HPs)
             Began as an Octopode Transmuter on Jan 15, 2019.
             Was a Follower of Yredelemnul.
             Mangled by a komodo dragon (13 damage)
             ... on level 8 of the Dungeon.
             The game lasted 00:40:16 (12248 turns).

toffzen the Covert (Octopode Transmuter)           Turns: 12248, Time: 00:40:16

Health: -6/96      AC: 25    Str:  9    XL:     10   Next: 3%
Magic:  13/13      EV:  2    Int: 18    God:    Yredelemnul [*.....]
Gold:   427        SH:  0    Dex: 19    Spells: 3/13 levels left

rFire    . . .     SeeInvis .     - Unarmed
rCold    . . .     Gourm    .   (no shield)
rNeg     + + +     Faith    .   (helmet currently unavailable)
rPois    +         Spirit   .   C - amulet of magic regeneration
rElec    .         Reflect  .   v - ring of protection from magic
rCorr    .         Harm     .   (no ring)
MR       +....     NoTele   +   (no ring)
Stlth    +++++.....             (no ring)
HPRegen  0.26/turn              (no ring)
MPRegen  0.38/turn              (no ring)
                                (no ring)
                                (no ring)

@: agile, tree-form
A: almost no armour, stealthy swim, (amphibious), 8 rings, (constrict 8)
a: Animate Remains, Renounce Religion


You were on level 8 of the Dungeon.
You worshipped Yredelemnul.
Yredelemnul was aware of your devotion.
You were not hungry.
You were a tree.
You visited 2 branches of the dungeon, and saw 9 of its levels.

You collected 427 gold pieces.

Inventory:

Hand Weapons
 b - a +0 blowgun
 B - a +0 hunting sling
Missiles
 a - 103 arrows
 e - 575 stones (quivered)
 p - 47 poisoned needles
 w - 50 sling bullets
 A - 2 throwing nets
Jewellery
 v - a ring of protection from magic (left branch)
 C - an amulet of magic regeneration (around neck)
 D - an uncursed amulet of magic regeneration
Wands
 r - a wand of enslavement (7)
 z - a wand of clouds (4)
Scrolls
 f - a scroll of teleportation
 g - a scroll of blinking
 k - 3 scrolls of enchant weapon
 o - 2 scrolls of remove curse
 s - 2 scrolls of enchant armour
Potions
 d - 2 potions of agility
 j - a potion of brilliance
 l - a potion of mutation
 n - a potion of magic
Comestibles
 c - 15 rations
 h - a chunk of flesh


   Skills:
 - Level 4.3 Fighting
 - Level 4.8 Dodging
 - Level 8.1 Stealth
 - Level 7.8 Unarmed Combat
 - Level 2.0 Spellcasting
 + Level 6.8 Transmutations
 - Level 4.4 Ice Magic
 - Level 2.3 Poison Magic


You had 3 spell levels left.
You knew the following spells:

 Your Spells              Type           Power        Failure   Level  Hunger
a - Beastly Appendage     Tmut           ####..       1%          1    #......
b - Spider Form           Tmut/Pois      ###.......   9%          3    ###....
c - Sticks to Snakes      Tmut           ####....     1%          2    ###....
d - Ice Form              Ice/Tmut       ###.....     19%         4    #####..

Your spell library contained the following spells:

 Spells                   Type           Power        Failure   Level  Hunger
 Magic Dart               Conj           #...         19%         1    #......
 Blade Hands              Tmut           ####......   30%         5    ######.
 Throw Icicle             Conj/Ice       #.......     58%         4    #####..
 Bolt of Cold             Conj/Ice       #.........   100%        6    #######
 Simulacrum               Ice/Necr       #.........   100%        6    #######


Dungeon Overview and Level Annotations

Branches:
Dungeon (8/15)             Temple (1/1) D:6
   Lair: D:8-11

Altars:
Ashenzari
Cheibriados
Dithmenos
Elyvilon
Fedhas
Gozag
Kikubaaqudgha
Makhleb
Nemelex Xobeh
Qazlal
Ru
Sif Muna
Trog
Uskayaw
Vehumet
Wu Jian
Xom
Yredelemnul
Zin

Shops:
D:7 (   D:8 [

Annotations:
D:3 Grinder


Innate Abilities, Weirdness & Mutations

You cannot wear most types of armour.
You are very stealthy in the water. (Stealth+)
((You are amphibious.))
You can wear up to eight rings at the same time.
((You can use your tentacles to constrict eight enemies at once.))
((Your skin changes colour to match your surroundings (Stealth+).))
((Your rubbery body absorbs attacks. (AC +1, EV +1)))


Message History

You smack the komodo dragon!
The komodo dragon is heavily wounded.
The komodo dragon bites you but does no damage.
You hit the komodo dragon but do no damage.
The komodo dragon is heavily wounded.
The komodo dragon bites you!
* * * LOW HITPOINT WARNING * * *
Okay, then.
Unknown command.
You hit the komodo dragon but do no damage.
You punch the komodo dragon.
The komodo dragon is heavily wounded.
You hit the komodo dragon.
The komodo dragon is heavily wounded.
The komodo dragon bites you but does no damage.
You smack the komodo dragon!
The komodo dragon is severely wounded.
The komodo dragon bites you!
You die...
Your body rises from the dead as a mindless zombie.

.#.########
#.....l♣?.#
...######.#
... #....####
.. #.#.....#
.... ..
..##.#.#.###.#
........
......>#.###.#
..#......
#.........#
..#.....#
#####.#####
........# #.#


You could see a komodo dragon.

Vanquished Creatures
  A hornet (D:8)
  A hippogriff (D:7)
  Eustachio (D:6)
  Purgy (D:3)
  A sky beast (D:8)
  2 ice beasts (D:7)
  5 ogres
  2 centaurs (D:6)
  8 big kobolds
  3 bullfrogs (D:6)
  A scorpion (D:7)
  A killer bee (D:7)
  2 crimson imps
  6 hounds
  A quasit (D:8)
  A centaur skeleton (D:4)
  4 orc wizards
  A centaur zombie (D:5)
  2 orc priests
  2 jellies
  4 iguanas
  2 worker ant zombies
  7 gnolls
  10 adders
  2 shadow imps
  3 oozes
  4 worms (D:3)
  2 dart slugs (D:1)
  18 orcs
  A ball python (D:4)
  10 bats
  9 giant cockroaches
  17 goblins
  20 hobgoblins
  11 jackals
  63 kobolds
  4 quokkas
  6 frilled lizards
  A leopard gecko skeleton (D:7)
  5 rats
245 creatures vanquished.

Vanquished Creatures (collateral kills)
  A killer bee (D:7)
1 creature vanquished.

Grand Total: 246 creatures vanquished

Notes
Turn   | Place    | Note
-------+----------+-------------------------------------------
     0 | D:1      | toffzen the Octopode Transmuter began the quest for the
                  | Orb.
     0 | D:1      | Reached XP level 1. HP: 13/13 MP: 3/3
   120 | D:1      | Reached skill level 1 in Stealth
   122 | D:1      | Reached skill level 2 in Stealth
   122 | D:1      | Reached XP level 2. HP: 8/18 MP: 3/5
   513 | D:1      | Reached XP level 3. HP: 23/23 MP: 4/6
   637 | D:1      | Learned a level 3 spell: Spider Form
   640 | D:1      | Learned a level 2 spell: Sticks to Snakes
  1385 | D:1      | Reached skill level 3 in Stealth
  1820 | D:2      | Reached XP level 4. HP: 23/28 MP: 5/7
  2025 | D:2      | Found a faded altar of an unknown god.
  2660 | D:3      | Noticed Grinder
  3088 | D:3      | Noticed Purgy
  3105 | D:3      | Killed Purgy
  3105 | D:3      | Reached skill level 5 in Stealth
  3105 | D:3      | Reached XP level 5. HP: 9/33 MP: 3/8
  3802 | D:3      | Reached XP level 6. HP: 23/38 MP: 9/9
  3954 | D:3      | Reached skill level 5 in Unarmed Combat
  4244 | D:3      | Reached skill level 6 in Stealth
  4496 | D:3      | Reached XP level 7. HP: 34/45 MP: 10/10
  5303 | D:3      | Found a shimmering altar of Xom.
  5839 | D:4      | Reached skill level 7 in Stealth
  5839 | D:4      | Reached XP level 8. HP: 44/52 MP: 11/11
  5852 | D:4      | Learned a level 4 spell: Ice Form
  6112 | D:4      | Reached skill level 1 in Poison Magic
  6164 | D:4      | Found a stormy altar of Qazlal.
  6177 | D:4      | Noticed an air elemental
  6177 | D:4      | Noticed a water elemental
  6430 | D:5      | Entered Level 5 of the Dungeon
  6706 | D:5      | Found an opulent altar of Gozag.
  6898 | D:5      | Found a burning altar of Makhleb.
  6912 | D:5      | Identified the Grimoire of Ghastly Attacks
  8008 | D:6      | Reached XP level 9. HP: 54/58 MP: 7/12
  8054 | D:6      | Noticed Eustachio
  8295 | D:6      | Reached skill level 8 in Stealth
  8414 | D:6      | Found a staircase to the Ecumenical Temple.
  8418 | Temple   | Entered the Ecumenical Temple
  8508 | Temple   | Became a worshipper of Yredelemnul the Dark
  8827 | D:6      | Killed Eustachio
  9143 | D:7      | Reached * piety under Yredelemnul
  9191 | D:7      | Found a shimmering altar of Xom.
  9191 | D:7      | Found a shimmering altar of Xom.
  9192 | D:7      | Found a shimmering altar of Xom.
  9193 | D:7      | Found a shimmering altar of Xom.
  9193 | D:7      | Found a shimmering altar of Xom.
  9193 | D:7      | Found a shimmering altar of Xom.
  9289 | D:7      | Reached skill level 1 in Ice Magic
  9311 | D:7      | Found a shattered altar of Ashenzari.
  9711 | D:7      | Noticed a deep troll
  9712 | D:7      | Found a shimmering altar of Xom.
  9718 | D:7      | Noticed a merfolk
  9720 | D:7      | Noticed a death drake
  9720 | D:7      | a merfolk changed into a death drake
  9725 | D:7      | Noticed a cyclops
  9766 | D:7      | Noticed a faun
  9934 | D:7      | Reached skill level 5 in Transmutations
 10339 | D:7      | Noticed a two-headed ogre
 10409 | D:7      | Found Demott's Weapon Boutique.
 10663 | D:8      | Noticed a komodo dragon
 10663 | D:8      | Noticed a four-headed hydra
 10665 | D:8      | Noticed a centaur warrior
 10977 | D:7      | Noticed a sea snake
 11260 | D:8      | Noticed a troll
 11376 | D:7      | Noticed a shock serpent
 11377 | D:7      | Noticed an entropy weaver
 11833 | D:7      | Noticed a four-headed hydra
 11836 | D:7      | Noticed a troll
 12005 | D:8      | Found a sacrificial altar of Ru.
 12068 | D:8      | Found Ybrutzus's Antique Armour Shoppe.
 12228 | D:8      | Noticed a hornet
 12233 | D:8      | Paralysed by a hornet for 2 turns
 12240 | D:8      | Killed a hornet
 12240 | D:8      | Reached XP level 10. HP: 26/64 MP: 13/13
 12248 | D:8      | Mangled by a komodo dragon

Skill      XL: |  1  2  3  4  5  6  7  8  9 |
---------------+----------------------------+-----
Stealth        | 2 3 5 6 7 8 |  8.1
Unarmed Combat | 4 5 6 7 |  7.8
Fighting       | 2 3 4 |  4.3
Dodging        | 3 4 |  4.8
Poison Magic   | 2 |  2.3
Transmutations | 3 6 |  6.8
Ice Magic      | 4 |  4.4
Spellcasting   | |  2.0

Action                   |  1- 3 |  4- 6 |  7- 9 | 10-12 || total
-------------------------+-------+-------+-------+-------++-------
Melee: Unarmed           |    66 |   168 |   418 |     7 ||   659
       Tentacles         |    14 |    19 |    24 |       ||    57
       Constrict         |    15 |    42 |    38 |       ||    95
       Punch             |     3 |     7 |     5 |     1 ||    16
       Kick              |     8 |    36 |    18 |       ||    62
Throw: Stone             |       |     2 |     5 |       ||     7
 Cast: Beastly Appendage |    16 |    26 |    20 |       ||    62
       Sticks to Snakes  |       |     2 |       |       ||     2
       Spider Form       |       |       |    42 |       ||    42
       Ice Form          |       |       |     1 |       ||     1
Invok: Animate Remains   |       |       |     2 |       ||     2
 Abil: End Transformatio |       |       |     1 |       ||     1
  Use: Scroll            |     3 |     4 |    21 |       ||    28
       Potion            |       |     1 |     6 |     1 ||     8
 Stab: Sleeping          |     9 |    11 |    48 |       ||    68
       Distracted        |       |     1 |       |       ||     1
       Paralysed         |       |       |     1 |       ||     1
  Eat: Chunk             |     3 |     6 |    15 |       ||    24
       Ration            |       |     1 |     5 |       ||     6
Armor: Skin              |     2 |    22 |    15 |     2 ||    41
Dodge: Dodged            |    25 |   108 |   282 |     1 ||   416
